[Event "IIFL Wealth  4th Mumbai Junior U-13"]
[Site "Mumbai"]
[Date "2019.01.07"]
[Round "9"]
[White "Sri Rashmika M"]
[Black "Srivatsan Karthikeyan"]
[Result "0-1"]
[ECO "E34"]
[WhiteElo "1039"]
[BlackElo "1288"]
[Annotator "NA RC"]
[PlyCount "82"]
[EventDate "2018.12.30"]
[EventType "swiss"]
[EventCountry "IND"]
[SourceTitle "playchess.com"]
[Source "ChessBase"]
[SourceQuality "1"]
[TimeControl "40/5400+30:1800+30"]

1. d4 Nf6 2. c4 e6 3. Nc3 Bb4 4. Qc2 d5 5. Bg5 h6 6. Bf4 dxc4 7. e3 b5 8. a3 Ba5 9. Nf3 Nbd7 10. Be2 Bb7 11. O-O c6 12. Rfd1 Bxc3 13. bxc3 Qe7 14. h3 Rg8 15. Ne5 Nxe5 16. dxe5 Nd5 17. Bh2 Qg5 18. Bf3 g6 19. Bxd5 cxd5 20. Qe2 d4 21. f4 d3 22. fxg5 dxe2 23. Rd2 hxg5 24. Re1 Be4 25. Rexe2 Bd3 26. Re1 Kd7 27. Rf1 Rgf8 28. Rf6 Ke7 29. Kf2 a5 30. Kg3 b4 31. axb4 axb4 32. cxb4 Bf5 33. Rd4 c3 34. Rc4 Rac8 35. Rxc8 Rxc8 36. Kf2 c2 37. g4 Be4 38. Bg3 c1=Q 39. Bh2 Rc2+ 40. Kg3 Qxe3+ 41. Rf3 Qxf3# 0-1